Workbook

Sheet 1. Limpeza Publica
A1: SERVIÇO DE LIMPEZA URBANA
A2: Planilha de Composição de Custos para instruir processo licitatório
A4: Orçamento Sintético
A5: Descrição do Item | E5: Custo (R$/mês) | F5: %
A6: =A44 -> 1. MÃO-DE-OBRA | E6: =F158 -> 0 | F6: =E6/E29 -> #DIV/0!
A7: =A34 -> 1.1. TRABALHADOR DE SERVIÇO DE LIMPEZA E CONSERVAÇÃO DE ÁREAS PÚBLICAS - CBO 5142-25 | E7: =F58 -> 0 | F7: =IFERROR(E7/$E$29,0) -> 0
A8: =A35 -> 1.2. RECEPCIONISTA - CBO 4221 | E8: =F72 -> 0 | F8: =IFERROR(E8/$E$29,0) -> 0
A9: =A36 -> 1.3. ENCARREGADO / TRABALHADOR DE SERVIÇO DE LIMPEZA E CONSERVAÇÃO DE ÁREAS PÚBLICAS - CBO 5142-25 | E9: =F86 -> 0 | F9: =IFERROR(E9/$E$29,0) -> 0
A10: =A37 -> 1.4. OPERADOR DE MAQUINAS RODOVIÁRIA CBO 7151 | E10: =F100 -> 0 | F10: =IFERROR(E10/$E$29,0) -> 0
A11: =A38 -> 1.5. MOTORISTA DE CAMINHÃO - CBO 7825‑10 | E11: =F114 -> 0 | F11: =IFERROR(E11/$E$29,0) -> 0
A12: =A116 -> 1.6. MOTORISTA DE CAMINHÃO COLETA- CBO 7825‑10 | E12: =F128 -> 0 | F12: =IFERROR(E12/$E$29,0) -> 0
A13: =A40 -> 1.7. AUXILIAR DE MECÂNICO- CBO‐9144 | E13: =F142 -> 0 | F13: =IFERROR(E13/$E$29,0) -> 0
A14: =A144 -> 0 | E14: =F156 -> 0 | F14: =IFERROR(E14/$E$29,0) -> 0
A15: =A160 -> 2. VALE TRANSPORTE E AUXÍLIO ALIMENTAÇÃO | E15: =F187 -> 0 | F15: =IFERROR(E15/$E$29,0) -> 0
A16: =A189 -> 3. UNIFORMES E EQUIPAMENTOS DE PROTEÇÃO INDIVIDUAL | E16: =F216 -> 0 | F16: =IFERROR(E16/$E$29,0) -> 0
A17: =A885 -> 4. TOTAL MENSAL VEÍCULOS E EQUIPAMENTOS | E17: =F885 -> #DIV/0! | F17: =IFERROR(E17/$E$29,0) -> 0
A18: =A221 -> 4.1 ROÇADEIRA | E18: =F260 -> 0 | F18: =IFERROR(E18/$E$29,0) -> 0
A19: =A263 -> 4.2. RETROESCAVADEIRA | E19: =F337 -> 0 | F19: =IFERROR(E19/$E$29,0) -> 0
A20: =A339 -> 4.3. MINICARREGADEIRA COM ESCOVÃO | E20: =F417 -> 0 | F20: =IFERROR(E20/$E$29,0) -> 0
A21: =A419 -> 4.4. TRATOR ROÇADEIRA COM BRAÇO ARTICULADO | E21: =F504 -> 0 | F21: =IFERROR(E21/$E$29,0) -> 0
A22: =A506 -> 4.5. VEÍCULO CAMINHÃO BAÚ | E22: =F582 -> #DIV/0! | F22: =IFERROR(E22/$E$29,0) -> 0
A23: =A584 -> 4.6. CAMINHÃO TOCO CARROCERIA BAIXA | E23: =F660 -> #DIV/0! | F23: =IFERROR(E23/$E$29,0) -> 0
A24: =A662 -> 4.7. VEÍCULO CAMINHÃO COM CAÇAMBA BASCULANTE | E24: =F728 -> 0 | F24: =IFERROR(E24/$E$29,0) -> 0
A25: =A730 -> 4.8. TRATOR ESCOVÃO CAPINADEIRA | E25: =F815 -> 0 | F25: =IFERROR(E25/$E$29,0) -> 0
A26: =A817 -> 4.9. MICRO-ÔNIBUS | E26: =F883 -> #DIV/0! | F26: =IFERROR(E26/$E$29,0) -> 0
A27: =A901 -> 5. TOTAL MENSAL FERRAMENTAS E MATERIAL | E27: =F901 -> #DIV/0! | F27: =IFERROR(E27/$E$29,0) -> 0
A28: =A906 -> 6. Benefícios e Despesas Indiretas - BDI | E28: =+F912 -> #DIV/0! | F28: =IFERROR(E28/$E$29,0) -> 0
A29: PREÇO TOTAL MENSAL | E29: =F915 -> #DIV/0! | F29: =F6+F15+F16+F17+F27+F28 -> #DIV/0!
A32: Quantitativos
A33: Mão-de-obra | E33: Quantidade
A34: =+A46 -> 1.1. TRABALHADOR DE SERVIÇO DE LIMPEZA E CONSERVAÇÃO DE ÁREAS PÚBLICAS - CBO 5142-25 | E34: 207
A35: =A60 -> 1.2. RECEPCIONISTA - CBO 4221 | E35: 11
A36: =A74 -> 1.3. ENCARREGADO / TRABALHADOR DE SERVIÇO DE LIMPEZA E CONSERVAÇÃO DE ÁREAS PÚBLICAS - CBO 5142-25 | E36: 8
A37: =A88 -> 1.4. OPERADOR DE MAQUINAS RODOVIÁRIA CBO 7151 | E37: 4
A38: =A102 -> 1.5. MOTORISTA DE CAMINHÃO - CBO 7825‑10 | E38: 5
A39: =A116 -> 1.6. MOTORISTA DE CAMINHÃO COLETA- CBO 7825‑10 | E39: 4
A40: =A130 -> 1.7. AUXILIAR DE MECÂNICO- CBO‐9144 | E40: 2
A42: Total de mão-de-obra (postos de trabalho) | E42: =SUM(E34:E41) -> 241
A44: 1. MÃO-DE-OBRA
A46: 1.1. TRABALHADOR DE SERVIÇO DE LIMPEZA E CONSERVAÇÃO DE ÁREAS PÚBLICAS - CBO 5142-25
A47: Discriminação | B47: Unidade | C47: Quantidade | D47: Custo unitário | E47: Subtotal | F47: Total (R$)
A48: Piso da categoria | B48: mês | C48: 1 | E48: =D48*C48 -> 0
A49: Horas Extras (100%) | B49: hora | C49: 8.66 | D49: =ROUND(D48/220*2,2) -> 0 | E49: =C49*D49 -> 0
A50: Horas Extras (50%) | B50: hora | C50: 16 | D50: =D48/220*1.5 -> 0 | E50: =C50*D50 -> 0
A51: Descanso Semanal Remunerado (DSR) - hora extra | B51: R$ | D51: =63/302*(SUM(E49:E50)) -> 0 | E51: =D51 -> 0
A52: Adicional de Insalubridade | B52: % | C52: 40 | D52: =SUM(E48) -> 0 | E52: =C52*D52/100 -> 0
A53: Benefício Social | B53: mês | C53: 1 | E53: =C53*D53 -> 0
A54: Soma | E54: =ROUND(SUM(E48:E53),2) -> 0
A55: Encargos Sociais | B55: % | D55: =E54 -> 0 | E55: =D55*C55/100 -> 0
A56: Total por Trabalhador | E56: =E54+E55 -> 0
A57: Total do Efetivo | B57: homem | C57: =E34 -> 207 | D57: =E56 -> 0 | E57: =ROUND(C57*D57,2) -> 0
D58: Fator de utilização | E58: 1 | F58: =E57*E58 -> 0
A60: 1.2. RECEPCIONISTA - CBO 4221
A61: Discriminação | B61: Unidade | C61: Quantidade | D61: Custo unitário | E61: Subtotal | F61: Total (R$)
A62: Piso da categoria | B62: mês | C62: 1 | E62: =D62*C62 -> 0
A63: Horas Extras (100%) | B63: hora | D63: =D62/220*2 -> 0 | E63: =C63*D63 -> 0
A64: Horas Extras (50%) | B64: hora | C64: 16 | D64: =D62/220*1.5 -> 0 | E64: =C64*D64 -> 0
A65: Descanso Semanal Remunerado (DSR) - hora extra | B65: R$ | D65: =63/302*(SUM(E63:E64)) -> 0 | E65: =D65 -> 0
A66: Adicional de Insalubridade | B66: % | C66: 0 | E66: =C66*D66/100 -> 0
A67: Benefício Social | B67: mês | C67: 1 | D67: =D53 -> 0 | E67: =C67*D67 -> 0
A68: Soma | E68: =SUM(E62:E67) -> 0
A69: Encargos Sociais | B69: % | D69: =E68 -> 0 | E69: =D69*C69/100 -> 0
A70: Total por Recepcionista | E70: =E68+E69 -> 0
A71: Total do Efetivo | B71: homem | C71: =E35 -> 11 | D71: =E70 -> 0 | E71: =C71*D71 -> 0
D72: Fator de utilização | E72: 1 | F72: =ROUND(E71*E72,2) -> 0
A74: 1.3. ENCARREGADO / TRABALHADOR DE SERVIÇO DE LIMPEZA E CONSERVAÇÃO DE ÁREAS PÚBLICAS - CBO 5142-25
A75: Discriminação | B75: Unidade | C75: Quantidade | D75: Custo unitário | E75: Subtotal | F75: Total (R$)
A76: Piso da categoria | B76: mês | C76: 1 | E76: =C76*D76 -> 0
A77: Horas Extras (100%) | B77: hora | C77: 8.66 | D77: =D76/220*2 -> 0 | E77: =C77*D77 -> 0
A78: Horas Extras (50%) | B78: hora | C78: 16 | D78: =D76/220*1.5 -> 0 | E78: =C78*D78 -> 0
A79: Descanso Semanal Remunerado (DSR) - hora extra | B79: R$ | D79: =63/302*(SUM(E77:E78)) -> 0 | E79: =D79 -> 0
A80: Adicional de Insalubridade | B80: % | C80: 40 | E80: =C80*D80/100 -> 0
A81: Benefício Social | B81: mês | C81: 1 | D81: =D53 -> 0 | E81: =C81*D81 -> 0
A82: Soma | E82: =SUM(E76:E81) -> 0
A83: Encargos Sociais | B83: % | D83: =E82 -> 0 | E83: =D83*C83/100 -> 0
A84: Total por Supervisor | E84: =E82+E83 -> 0
A85: Total do Efetivo | B85: homem | C85: =E36 -> 8 | D85: =E84 -> 0 | E85: =C85*D85 -> 0
D86: Fator de utilização | E86: 1 | F86: =ROUND(E85*E86,2) -> 0
A88: 1.4. OPERADOR DE MAQUINAS RODOVIÁRIA CBO 7151
A89: Discriminação | B89: Unidade | C89: Quantidade | D89: Custo unitário | E89: Subtotal | F89: Total (R$)
A90: Piso da categoria | B90: mês | C90: 1 | E90: =C90*D90 -> 0
A91: Horas Extras (100%) | B91: hora | C91: 8.66 | D91: =D90/220*2 -> 0 | E91: =C91*D91 -> 0
A92: Horas Extras (50%) | B92: hora | C92: 16 | D92: =D90/220*1.5 -> 0 | E92: =C92*D92 -> 0
A93: Descanso Semanal Remunerado (DSR) - hora extra | B93: R$ | D93: =63/302*(SUM(E91:E92)) -> 0 | E93: =D93 -> 0
A94: Adicional de Insalubridade | B94: % | E94: =C94*D94/100 -> 0
A95: Benefício Social | B95: mês | C95: 1 | E95: =C95*D95 -> 0
A96: Soma | E96: =SUM(E90:E95) -> 0
A97: Encargos Sociais | B97: % | D97: =E96 -> 0 | E97: =D97*C97/100 -> 0
A98: Total por Operador de trator | E98: =E96+E97 -> 0
A99: Total do Efetivo | B99: homem | C99: =E37 -> 4 | D99: =E98 -> 0 | E99: =C99*D99 -> 0
D100: Fator de utilização | E100: 1 | F100: =ROUND(E99*E100,2) -> 0
A102: 1.5. MOTORISTA DE CAMINHÃO - CBO 7825‑10
A103: Discriminação | B103: Unidade | C103: Quantidade | D103: Custo unitário | E103: Subtotal | F103: Total (R$)
A104: Piso da categoria | B104: mês | C104: 1 | E104: =C104*D104 -> 0
A105: Horas Extras (100%) | B105: hora | C105: 8.66 | D105: =D104/220*2 -> 0 | E105: =C105*D105 -> 0
A106: Horas Extras (50%) | B106: hora | C106: 16 | D106: =D104/220*1.5 -> 0 | E106: =C106*D106 -> 0
A107: Descanso Semanal Remunerado (DSR) - hora extra | B107: R$ | D107: =63/302*(SUM(E105:E106)) -> 0 | E107: =D107 -> 0
A108: Adicional de Insalubridade – 20% Para os 4 da coleta | B108: % | E108: =C108*D108/100 -> 0
A109: Benefício Social | B109: mês | C109: 1 | E109: =C109*D109 -> 0
A110: Soma | E110: =SUM(E104:E107) -> 0
...

Sheet 2.Encargos Sociais
A1: Orientações para preenchimento:
A2: 1. Preencha previamente os dados de entrada na planilha 3.CAGED
A4: O TCE/RS não se responsabiliza pelo uso incorreto desta planilha.
A5: O orçamento deve ser realizado por responsável técnico habilitado e é de responsabilidade do seu autor.
A7: 2. Composição dos Encargos Sociais
A8: Código | B8: Descrição | C8: Valor
A9: A1 | B9: INSS | C9: 0.2
A10: A2 | B10: SESI | C10: 0.015
A11: A3 | B11: SENAI | C11: 0.01
A12: A4 | B12: INCRA | C12: 0.002
A13: A5 | B13: SEBRAE | C13: 0.006
A14: A6 | B14: Salário educação | C14: 0.025
A15: A7 | B15: Seguro contra acidentes de trabalho | C15: 0.03
A16: A8 | B16: FGTS | C16: 0.08
A17: A | B17: SOMA GRUPO A | C17: =SUM(C9:C16) -> 0.368
A19: B1 | B19: Férias gozadas | C19: =ROUND(IF('3.CAGED'!C28>24,(1-12/'3.CAGED'!C28)*0.1111,0.1111-C28),4) -> #VALUE!
A20: B2 | B20: 13º salário | C20: =ROUND('3.CAGED'!C32/'3.CAGED'!C29,4) -> 0.0833
A21: B3 | B21: Licença Paternidade | C21: 0.0006
A22: B4 | B22: Faltas justificadas | C22: 0.0082
A23: B5 | B23: Auxilio acidente de trabalho | C23: 0.0031
A24: B6 | B24: Auxilio doença | C24: 0.0166
A25: B | B25: SOMA GRUPO B | C25: =SUM(C19:C24) -> #VALUE!
A27: C1 | B27: Aviso prévio indenizado | C27: =ROUND(('3.CAGED'!C33) *'3.CAGED'!C26/'3.CAGED'!C29,4) -> #VALUE!
A28: C2 | B28: Férias indenizadas | C28: =ROUND(IF('3.CAGED'!C28>12,12/'3.CAGED'!C28*0.1111,0.1111),4) -> #VALUE!
A29: C3 | B29: Férias indenizadas s/ aviso previo inden. | C29: =C27*C28 -> #VALUE!
A30: C4 | B30: Depósito rescisão sem justa causa | C30: =ROUND(('3.CAGED'!C29+'3.CAGED'!C30+'3.CAGED'!C32)/'3.CAGED'!C27*'3.CAGED'!C34*'3.CAGED'!C35*'3.CAGED'!C26/'3.CAGED'!C29,4) -> #VALUE!
A31: C5 | B31: Indenização adicional | C31: =ROUND(('3.CAGED'!C31/'3.CAGED'!C29)*'3.CAGED'!C26/12,4) -> #VALUE!
A32: C | B32: SOMA GRUPO C | C32: =SUM(C27:C31) -> #VALUE!
A34: D1 | B34: Reincidência de Grupo A sobre Grupo B | C34: =ROUND(C17*C25,4) -> #VALUE!
A35: D2 | B35: Reincidência de FGTS sobre aviso prévio indenizado | C35: =ROUND((C27*C16),4) -> #VALUE!
A36: D | B36: SOMA GRUPO D | C36: =SUM(C34:C35) -> #VALUE!
B37: SOMA (A+B+C+D) | C37: =C36+C32+C25+C17 -> #VALUE!

Sheet 3.CAGED
A1: CÁLCULO DAS VERBAS INDENIZATÓRIAS DOS EMPREGADOS NO SETOR DE COLETA DE RSU
A3: Tendo em vista que o CAGED foi descontinuado em janeiro de 2020, esta planilha foi atualizada até 31/12/2019.
A5: Preencha as células em amarelo
B7: 3. CAGED
B8: Rio Grande do Sul - Coleta de Resíduos Não-Perigosos - CNAE 38114
B9: Admissões
B10: Desligamentos
B11: Dispensados com justa causa
B12: Dispensados sem justa causa
B13: Espontâneos
B14: Fim de contrato por prazo determinado
B15: Término de contrato
B16: Aposentados
B17: Mortos
B18: Transferência de saída
... B22: Estoque recuperado final do Período 31-12-2024
B23: Variação Emprego Absoluta de 01-01-2024 a 31-12-2024 | C23: =C9-C10 -> 0
B25: Estoque Médio | C25: =MEDIAN(C21,C22) -> #VALUE!
B26: % Demitidos s/ Justa Causa em relação ao Estoque Médio | C26: =C12/C25 -> #VALUE!
B27: Taxa de Rotatividade | C27: =MEDIAN(C9,C10)/C25 -> #VALUE!
B28: Rotatividade temporal (meses) | C28: =12/C27 -> #VALUE!
B29: Dias ano | C29: 360
B30: 1/3 de férias (dias) | C30: 10
B31: Férias (dias) | C31: 30
B32: 13º Salário (dias) | C32: 30
B33: Dias de Aviso prévio | C33: =30+(3*TRUNC(1/C27)) -> #VALUE!
B34: FGTS | C34: 0.08
B35: Multa FGTS | C35: 0.4

Sheet 4.BDI
A1: Orientações para preenchimento:
A2: 1. Esta planilha é somente um modelo-base e deve ser ajustada conforme cada caso concreto.
A3: 2. Preencher somente células em amarelo
A5: O TCE/RS não se responsabiliza pelo uso incorreto desta planilha.
A6: O orçamento deve ser realizado por responsável técnico habilitado e é de responsabilidade do seu autor.
A8: 4. Composição do BDI - Benefícios e Despesas Indiretas
D10: Referência estudo TCE
D11: 1° Quartil | E11: Médio | F11: 3° Quartil
A12: Administração Central | B12: AC | D12: 0.0297 | E12: 0.0508 | F12: 0.0627
A13: Seguros/Riscos/Garantias | B13: SRG | D13: =0.3%+0.56% -> 0.0086 | E13: =0.48%+0.85% -> 0.0133 | F13: =0.82%+0.89% -> 0.0171
A14: Lucro | B14: L | D14: 0.0778 | E14: 0.1085 | F14: 0.1355
A15: Despesas Financeiras | B15: DF | D15: i
A16: Tributos - ISS | B16: T | D16: DU
A17: Tributos - PIS/COFINS
A18: Fórmula para o cálculo do BDI:
A19: {[(1+AC+SRG) x (1+L) x (1+DF)] / (1-T)} -1
A20: Resultado do cálculo do BDI: | C20: =ROUND((((1+C12+C13)*(1+C14)*(1+C15))/(1-(C16+C17))-1),4) -> 0 | D20: 0.2143 | E20: 0.2717 | F20: 0.3362

Sheet 5. Depreciação
A1: 5. Depreciação Referencial TCE/RS (%)
A2: Idade do veículo (ano) | B2: Depreciação Média
A3: 1 | B3: 33.63
A4: 2 | B4: 43.13
A5: 3 | B5: 48.68
A6: 4 | B6: 52.62
A7: 5 | B7: 55.68
A8: 6 | B8: 58.18
A9: 7 | B9: 60.29
A10: 8 | B10: 62.12
A11: 9 | B11: 63.73
A12: 10 | B12: 65.18
A13: 11 | B13: 66.48
A14: 12 | B14: 67.67
... A17: 15 | B17: 70.73

Sheet 6.Remuneração de capital
A1: 6. Remuneração de Capital
A3: Fórmula de cálculo da remuneração de capital:
A12: Jm = remuneração de capital mensal
A13: i = taxa de juros do mercado (sugere-se adotar a taxa SELIC)
A14: Im = investimento médio
A15: V0 = valor inicial do bem
A16: Vr = valor residual do bem
A17: n = vida útil do bem em anos

Sheet Planilha7
